 Dungeon Crawl Stone Soup version 0.32-a0-22-g6ae6769602 (webtiles) character file.

Game seed: 793272997403210378

664 p00ps00p the Trooper (level 7, -7/63 HPs)
             Began as a Hill Orc Fighter on Jan 19, 2024.
             Mangled by an ice beast (10 damage)
             ... on level 4 of the Dungeon.
             The game lasted 00:04:20 (4918 turns).

p00ps00p the Trooper (Hill Orc Fighter)             Turns: 4918, Time: 00:04:21

Health: -7/63      AC:  4    Str: 25    XL:     7   Next: 57%
Magic:  7/7        EV: 10    Int:  8    God:
Gold:   240        SH:  5    Dex: 10    Spells: 6/6 levels left

rFire   . . .        a - +0 war axe
rCold   . . .        c - +0 buckler
rNeg    . . .        q - +0 leather armour of Misanthropy {Str+4 SInv}
rPois   .            j - +0 helmet
rElec   .            (no cloak)
rCorr   .            (no gloves)
SInv    +            (no boots)
Will    .....        b - amulet of regeneration
Stlth   +            (no ring)
HPRegen 1.10/turn    (no ring)
MPRegen 0.10/turn

%: no passive effects
@: no status effects
A: no striking features
a: no special abilities


You were on level 4 of the Dungeon.
You visited 1 branch of the dungeon, and saw 4 of its levels.

You collected 240 gold pieces.

Inventory:

Hand Weapons
 a - a +0 war axe (weapon)
Missiles
 i - 2 throwing nets (quivered)
Armour
 c - a +0 buckler (worn)
 f - a +1 chain mail
 j - a +0 helmet (worn)
 q - the +0 leather armour of Misanthropy (worn) {Str+4 SInv}
   (You found it on level 3 of the Dungeon)

   Str+4:     It affects your strength (+4).
   SInv:      It lets you see invisible.
Jewellery
 b - an amulet of regeneration (around neck)
 d - a ring of see invisible
 l - a ring of resist corrosion
 m - a ring of ice
 r - a ring of magical power
Scrolls
 h - 3 scrolls of fear
 k - a scroll of blinking
 o - a scroll of teleportation {unknown}
 p - a scroll of revelation
Potions
 e - 2 potions of curing {unknown}
 g - a potion of brilliance {unknown}
 n - a potion of mutation {unknown}
 s - 2 potions of lignification {unknown}


   Skills:
 + Level 6.1 Fighting
 + Level 5.8 Axes
 + Level 5.4 Armour
 + Level 5.4 Shields


You had 6 spell levels left.
You didn't know any spells.
Your spell library was empty.

Dungeon Overview and Level Annotations

Branches:
Dungeon (4/15)
 Temple: D:4-7

Altars:
Trog


Message History

You are too injured to fight recklessly!
You are too injured to fight recklessly!
You are too injured to fight recklessly!
You are too injured to fight recklessly!
You are too injured to fight recklessly!
You are too injured to fight recklessly!
You are too injured to fight recklessly!
You are too injured to fight recklessly!
An ice beast is nearby!
An ice beast is nearby!
You are too injured to fight recklessly!
An ice beast is nearby!
You are too injured to fight recklessly!
An ice beast is nearby!
You are too injured to fight recklessly!
You are too injured to fight recklessly!
An ice beast is nearby!
You are too injured to fight recklessly!
You closely miss the ice beast.
The ice beast is almost dead.
You block the ice beast's attack.
You barely miss the ice beast.
The ice beast is almost dead.
The ice beast barely misses you. The ice beast closely misses you.
You closely miss the ice beast.
The ice beast is almost dead.
The ice beast hits you. The ice beast freezes you!
* * * LOW HITPOINT WARNING * * *
You closely miss the ice beast.
The ice beast is almost dead.
The ice beast hits you.
* * * LOW HITPOINT WARNING * * *
The ice beast freezes you.
* * * LOW HITPOINT WARNING * * *
You closely miss the ice beast.
The ice beast is almost dead.
The ice beast hits you.
* * * LOW HITPOINT WARNING * * *
The ice beast freezes you!
You die...

..# .... # #.# #.... ##
#. #.#### #... #. ##'#
#.##.. ... #.
##...##.##.# #.# #.
#.....#.##.###.# #.
........##.##..# #.
......†@...†...########.
......Y........†........
........##.......#######
.......######.##.#
#.....# ####.# ##!..#
#.# ##'# #.# ### #. #.#
#.. ..# #.#


You could see an ice beast.

Vanquished Creatures
  A water moccasin (D:3)
  An ogre (D:4)
  A phantom (D:4)
  A hound (D:4)
  A bombardier beetle (D:3)
  A gnoll bouda (D:4)
  A sleepcap (D:3)
  2 iguanas (D:4)
  Robin (D:3)
  5 gnolls (D:4)
  7 adders
  A shadow imp (D:4)
  2 dart slugs
  2 ribbon worms (D:3)
  11 endoplasms
  2 giant cockroaches (D:3)
  14 goblins
  11 hobgoblins
  2 jackals (D:1)
  12 kobolds
  4 quokkas
  9 ball pythons
  3 bats
  3 frilled lizards
  9 rats
107 creatures vanquished.

Notes
Turn   | Place    | Note
-------+----------+-------------------------------------------
     0 | D:1      | p00ps00p the Hill Orc Fighter began the quest for the Orb.
     0 | D:1      | Reached XP level 1. HP: 19/19 MP: 1/1
   121 | D:1      | Reached XP level 2. HP: 20/27 MP: 2/2
   354 | D:1      | Reached skill level 4 in Fighting
   481 | D:1      | Reached XP level 3. HP: 9/33 MP: 3/3
  1353 | D:2      | Reached XP level 4. HP: 39/41 MP: 4/4
  1676 | D:2      | Found a faded altar of an unknown god.
  2005 | D:3      | Noticed Robin
  2023 | D:3      | Killed Robin
  2024 | D:3      | Reached XP level 5. HP: 19/47 MP: 5/5
  2162 | D:3      | Found a bloodstained altar of Trog.
  3042 | D:3      | Noticed a water moccasin
  3051 | D:3      | Killed a water moccasin
  3052 | D:3      | Reached skill level 5 in Fighting
  3052 | D:3      | Reached XP level 6. HP: 20/56 MP: 6/6
  3819 | D:3      | Identified the +0 leather armour of Misanthropy {Str+4
                  | SInv}
  4473 | D:4      | Reached skill level 5 in Axes
  4473 | D:4      | Reached skill level 5 in Shields
  4551 | D:4      | Reached skill level 5 in Armour
  4551 | D:4      | Reached XP level 7. HP: 46/61 MP: 7/7
  4794 | D:4      | Reached skill level 6 in Fighting
  4918 | D:4      | HP: 3/63 [ice beast (2)]
  4918 | D:4      | Mangled by an ice beast

Illustrated notes

Levels and vault maps discovered:
D:1:      ldierk_walled_garden, layout_loops_cross, minmay_heptomino_l4
D:2:      layout_loops_corners, shapermc_ecumenical_altar_petra,
          corexii_corridor_pit, nicolae_half_adder
D:3:      minmay_razor_zed, layout_basic, trog_book, hangedman_decor_slide_cut,
          uniq_robin
D:4:      layout_loops_corners, elyvilon_altar_3

Skill      XL: |  1  2  3  4  5  6  7 |
---------------+----------------------+-----
Axes           | 3 4 5 |  5.8
Fighting       | 4 5 6 |  6.1
Shields        | 4 5 |  5.4
Armour         | 4 5 |  5.4

Action                     |  1- 3 |  4- 6 |  7- 9 || total
---------------------------+-------+-------+-------++-------
  Melee: War axe           |   101 |   158 |    55 ||   314
    Use: Scroll            |     3 |     5 |       ||     8
         Potion            |       |     1 |       ||     1
 Armour: Scale mail        |    47 |       |       ||    47
         Chain mail        |    49 |   109 |       ||   158
         Leather armour    |       |    13 |    40 ||    53
  Dodge: Dodged            |    49 |    60 |    26 ||   135
  Block: Buckler           |    26 |    40 |    13 ||    79

Table legend: (Time is in decaauts)
 A = Elapsed time spent in this place.
 B = Non-inter-level travel time spent in this place.
 C = Inter-level travel time spent in this place.
 D = Time resting spent in this place.
 E = Time spent auto-exploring this place.
 F = Levels seen in this place.
 G = Mean time per level.
                   A        B        C        D        E       F      G
               +--------+--------+--------+--------+--------+-----+--------+
         Total |   5018 |   4915 |    103 |   1229 |   2898 |   4 | 1254.5 |
       Dungeon |   5018 |   4915 |    103 |   1229 |   2898 |   4 | 1254.5 |
               +--------+--------+--------+--------+--------+-----+--------+

Top non-repeatable levels by time:
     D:3: 2427 daAuts
     D:2: 1166 daAuts
     D:1: 891 daAuts
     D:4: 533 daAuts
